 Dungeon Crawl Stone Soup version 0.27-a0-887-gcab673c142 (webtiles) character file.

Game seed: 9833049526087145720

60 shoop the Magician (level 3, -1/27 HPs)
             Began as a Demigod Hedge Wizard on Apr 4, 2021.
             Slain by a white imp (3 damage)
             ... summoned by Natasha
             ... on level 2 of the Dungeon.
             The game lasted 00:02:55 (1758 turns).

shoop the Magician (Demigod Hedge Wizard)           Turns: 1758, Time: 00:02:56

Health: -1/27      AC:  3    Str: 15    XL:     3   Next: 57%
Magic:  2/10       EV: 11    Int: 16    God:
Gold:   30         SH:  3    Dex: 13    Spells: 6/7 levels left

rFire    . . .     SeeInvis .   e - +2 dagger (venom)
rCold    . . .     Faith    .   h - +0 buckler
rNeg     . . .     Spirit   .   f - +0 leather armour
rPois    .         Reflect  .   c - +0 hat
rElec    .         Harm     +   i - scarf {harm}
rCorr    .         Rampage  .   (no gloves)
Will     .....                  (no boots)
Stlth    ++........             (no amulet)
HPRegen  0.09/turn              (no ring)
MPRegen  0.12/turn              (no ring)

@: hasted, very quick
A: high mp 1, forlorn
a: no special abilities


You were on level 2 of the Dungeon.
You visited 1 branch of the dungeon, and saw 2 of its levels.

You collected 30 gold pieces.

Inventory:

Hand Weapons
 a - a +0 dagger
 e - a +2 dagger of venom (weapon)
Armour
 b - a +0 robe
 c - a +0 hat (worn)
 f - a +0 leather armour (worn)
 h - a +0 buckler (worn)
 i - a scarf of harm (worn)
Scrolls
 j - a scroll of immolation {unknown}
 k - a scroll of fog {unknown}
 m - a scroll of amnesia {unknown}
Potions
 d - a potion of flight {unknown}
 l - a potion of heal wounds {unknown}
 n - a potion of magic {unknown}


   Skills:
 + Level 0.8 Fighting
 - Level 1.0 Armour
 - Level 2.0 Dodging
 - Level 2.0 Stealth
 + Level 2.9 Spellcasting
 + Level 2.3 Conjurations
 - Level 0.8 Summonings
 - Level 0.8 Translocations


You had 6 spell levels left.
You knew the following spells:

 Your Spells              Type           Power      Damage    Failure   Level
a - Magic Dart            Conj           36%        1d4       14%         1

Your spell library contained the following spells:

 Spells                   Type           Power      Damage    Failure   Level
 Blink                    Tloc           N/A        N/A       38%         2
 Call Imp                 Summ           5%         N/A       38%         2
 Slow                     Hex            2%         N/A       52%         2
 Conjure Flame            Conj/Fire      6%         6-21      58%         3
 Mephitic Cloud           Conj/Pois/Air  4%         N/A       63%         3


Dungeon Overview and Level Annotations

Branches:
Dungeon (2/15)

Annotations:
D:2 Natasha


Innate Abilities, Weirdness & Mutations

Your attributes grow dramatically as you level up.
You have an increased reservoir of magic. (+10% MP)
You shall have no god before yourself.


Message History

Press: ? - help, Shift-Dir - straight line, f/p - Natasha
Aim: Natasha (lightly wounded, 0% to evade)
The magic dart hits the white imp.
The white imp is lightly wounded.
The white imp closely misses you.
Casting: Magic Dart (safe; 14% risk of failure)
Confirm with . or Enter, or press ? or * to list all spells.
Aiming: Magic Dart (safe; 14% risk of failure)
Press: ? - help, Shift-Dir - straight line, f/p - Natasha
Aim: Natasha (lightly wounded, 0% to evade)
The magic dart hits the white imp but does no damage.
The white imp is lightly wounded.
The white imp hits you. The white imp freezes you.
You hit the white imp but do no damage.
The white imp is poisoned.
The white imp is lightly wounded.
The white imp closely misses you.
You barely miss the white imp.
The white imp is lightly wounded.
The white imp gestures at you. The puff of frost hits you!
You hit the white imp but do no damage.
The white imp is moderately wounded.
The white imp closely misses you.
You hit the white imp but do no damage.
The white imp is moderately wounded.
Natasha mumbles some strange words.
The white imp hits you.
* * * LOW HITPOINT WARNING * * *
The white imp freezes you.
* * * LOW HITPOINT WARNING * * *
You aren't carrying any items that you can evoke.
It was a potion of haste.
You feel yourself speed up.
The white imp hits you but does no damage.
The crimson imp disappears for a moment.
You hit the white imp.
The white imp is heavily wounded.
The white imp hits you.
* * * LOW HITPOINT WARNING * * *
The white imp freezes you.
You die...

#....♣♣....#
##########..........##
..........[...........
.
######.#.#......#####
.. ##.#..###.#### .?.#
#.....(##....# .....
#..###.##.##.##
.....5##..# #........#
...[.h5@..###..####..#
.....r###......####..#
..... #.####>##... ..
...# ##.####.##.# #.
.. ...........# . .
##.####.##.# #. .#
#....# ##. ###..####..
#.)......


You could see Natasha, a crimson imp (summoned), a white imp (summoned, very
poisoned) and a rat.

Vanquished Creatures
  Natasha (D:2)
  A dart slug (D:1)
  4 bats (D:1)
  3 endoplasms
  4 goblins (D:1)
  5 hobgoblins
  A quokka (D:1)
  A ball python (D:1)
  3 frilled lizards
  3 kobolds
  8 rats
34 creatures vanquished.

Notes
Turn   | Place    | Note
-------+----------+-------------------------------------------
     0 | D:1      | shoop the Demigod Hedge Wizard began the quest for the Orb.
     0 | D:1      | Reached XP level 1. HP: 14/14 MP: 6/6
    14 | D:1      | Reached skill level 1 in Conjurations
   291 | D:1      | Reached XP level 2. HP: 20/20 MP: 5/8
  1565 | D:2      | Noticed Natasha
  1566 | D:2      | Killed Natasha
  1567 | D:2      | Reached skill level 1 in Armour
  1567 | D:2      | Reached XP level 3. HP: 27/27 MP: 10/10
  1745 | D:2      | Noticed Natasha
  1758 | D:2      | Slain by a white imp

Illustrated notes

Levels and vault maps discovered:
D:1:      amcnicky_arrival_choice, layout_basic, ebering_ecumenical_altar_hall,
          minmay_misc_feat_rugged
D:2:      layout_loops_ring, basic_altar, chequers_garden,
          minmay_shallow_snake_nest, uniq_natasha

Skill      XL: |  1  2 |
---------------+-------+-----
Conjurations   | 2 |  2.3
Armour         | 1 |  1.0
Dodging        | 2 |  2.0
Stealth        | 2 |  2.0
Fighting       | |  0.8
Spellcasting   | |  2.9
Summonings     | |  0.8
Translocations | |  0.8

Action                   || total
-------------------------++-------
Melee: Dagger            ||    31
 Cast: Magic Dart        ||    57
  Use: Potion            ||     1
 Stab: Sleeping          ||     3
Armor: Leather armour    ||    11
       Robe              ||     1
Dodge: Dodged            ||     9
Block: Buckler           ||     3

Table legend: (Time is in decaauts)
 A = Elapsed time spent in this place.
 B = Non-inter-level travel time spent in this place.
 C = Inter-level travel time spent in this place.
 D = Time resting spent in this place.
 E = Time spent auto-exploring this place.
 F = Levels seen in this place.
 G = Mean time per level.
                   A        B        C        D        E       F      G
               +--------+--------+--------+--------+--------+-----+--------+
         Total |   1759 |   1714 |     45 |      0 |   1525 |   2 |  879.5 |
       Dungeon |   1759 |   1714 |     45 |      0 |   1525 |   2 |  879.5 |
               +--------+--------+--------+--------+--------+-----+--------+

Top non-repeatable levels by time:
     D:1: 1565 daAuts
     D:2: 193 daAuts
